[Event "Titled Tuesday Blitz August 3 2021"]
[White "Murzin, Volodar"]
[Black "Yoo, Christopher Woojin"]
[WhiteFideId "44155573"]
[BlackFideId "30909694"]
[WhiteElo "2541"]
[BlackElo "2105"]
[Result "0-1"]
[Round "10"]
[TimeControl "180+1"]
[Date "2021.08.03"]
[WhiteClock "0:00:01"]
[BlackClock "0:00:02"]

1. e4 d5 2. exd5 Qxd5 3. Nc3 Qd6 4. d4 Nf6 5. Nf3 Nc6 6. g3 Bf5 7. Bg2 Nb4 8. O-O Bxc2 9. Qd2 Ne4 10. Qe1 Nxc3 11. bxc3 Nc6 12. Bf4 Qd7 13. d5 Nd8 14. Ne5 Qf5 15. Qe2 a6 16. Rac1 Ba4 17. Rfe1 g6 18. Qc4 Bb5 19. Qxc7 Rc8 20. Qb6 Bg7 21. Be4 Qf6 22. Qa5 h5 23. c4 g5 24. cxb5 Rxc1 25. Rxc1 gxf4 26. Rc8 b6 27. Qxa6 Qxe5 28. d6 Qxe4 29. Qxb6 O-O 30. Rxd8 Qe1+ 31. Kg2 Qe4+ 32. Kg1 f3 33. Rxf8+ Bxf8 34. Qe3 Qb1+ 0-1


[Site "https://www.chess.com"]

[Event "Titled Tuesday Blitz August 3 2021"]
[White "Nasyrova, Ekaterina"]
[Black "Potapova, Margarita"]
[WhiteFideId "44157797"]
[BlackFideId "14126869"]
[WhiteElo "2115"]
[BlackElo "2229"]
[Result "0-1"]
[Round "10"]
[TimeControl "180+1"]
[Date "2021.08.03"]
[WhiteClock "0:00:17"]
[BlackClock "0:01:00"]

1. d4 Nf6 2. c4 e6 3. Nc3 Bb4 4. e3 O-O 5. Bd2 b6 6. Nf3 c5 7. Bd3 Bb7 8. O-O Bxc3 9. Bxc3 Ne4 10. Rc1 d6 11. Qe2 Nd7 12. a3 Qe7 13. b4 f5 14. Nd2 Nxc3 15. Rxc3 e5 16. dxe5 dxe5 17. b5 e4 18. Bb1 Ne5 19. Nb3 Qg5 20. Kh1 Nf3 21. Nd2 Nh4 22. Rg1 Rf6 23. Nf1 Rh6 24. Rc1 Ng6 25. Rd1 Ne5 26. a4 Ng4 27. f3 Nxh2 28. Nxh2 Qg3 0-1


[Site "https://www.chess.com"]

[Event "Titled Tuesday Blitz August 3 2021"]
[White "Nazaretyan, Tigran"]
[Black "Tomiello, Mateus Costamilan"]
[WhiteFideId "24162345"]
[BlackFideId "22701958"]
[WhiteElo "2214"]
[BlackElo "1995"]
[Result "1-0"]
[Round "10"]
[TimeControl "180+1"]
[Date "2021.08.03"]
[WhiteClock "0:01:32"]
[BlackClock "0:00:07"]

1. d4 d5 2. Nf3 Nf6 3. c4 c6 4. Nc3 e6 5. e3 Nbd7 6. Qc2 Bd6 7. Be2 O-O 8. O-O dxc4 9. a4 e5 10. a5 Qe7 11. h3 h6 12. Bxc4 e4 13. Nh4 Re8 14. Nf5 Qf8 15. Qb3 Bc7 16. f3 exf3 17. Rxf3 Rb8 18. e4 b5 19. axb6 Rxb6 20. Qa2 Rb4 21. e5 Rxc4 22. Qxc4 Nb6 23. Qxc6 Bd7 24. Qxc7 Rc8 25. Qxa7 Ra8 26. Qxa8 Nxa8 27. exf6 Bxf5 28. fxg7 Qc8 29. Nd5 Kxg7 30. Ne7 Qe6 31. Nxf5+ Kh7 32. Rxa8 Qe1+ 33. Rf1 Qxc1 34. Rxc1 1-0


[Site "https://www.chess.com"]

[Event "Titled Tuesday Blitz August 3 2021"]
[White "Odegov, Artem"]
[Black "Marcziter, Dmitrii"]
[WhiteFideId "34183644"]
[BlackFideId "13900765"]
[WhiteElo "2288"]
[BlackElo "2155"]
[Result "1-0"]
[Round "10"]
[TimeControl "180+1"]
[Date "2021.08.03"]
[WhiteClock "0:00:19"]
[BlackClock "0:01:02"]

1. d4 Nf6 2. c4 g6 3. Nc3 Bg7 4. e4 d6 5. h3 O-O 6. Be3 Na6 7. Bd3 c5 8. d5 e6 9. Nf3 Nc7 10. O-O Re8 11. a4 b6 12. Re1 exd5 13. cxd5 Ba6 14. Bxa6 Nxa6 15. Nd2 Nb4 16. Re2 a6 17. Bf4 Nd3 18. Bh2 Nh5 19. Nc4 Nhf4 20. Rd2 b5 21. axb5 axb5 22. Rxa8 Qxa8 23. Nxd6 Rd8 24. Ndxb5 c4 25. d6 Qc6 26. Qf3 Be5 27. Bxf4 Bxf4 28. Rxd3 cxd3 29. Qxf4 Qc5 30. Qd2 Qc4 31. g3 h5 32. Qe3 h4 33. g4 Ra8 34. d7 Rd8 35. Nd5 Qxb5 36. Qh6 Qxb2 37. Ne7# 1-0


[Site "https://www.chess.com"]

[Event "Titled Tuesday Blitz August 3 2021"]
[White "Ouellet, Maili-Jade"]
[Black "Aggelis, Nikolaos"]
[WhiteFideId "2620472"]
[BlackFideId "4213220"]
[WhiteElo "1886"]
[BlackElo "2154"]
[Result "1/2-1/2"]
[Round "10"]
[TimeControl "180+1"]
[Date "2021.08.03"]
[WhiteClock "0:01:10"]
[BlackClock "0:01:56"]

1. d4 Nf6 2. c4 g6 3. Nc3 d5 4. cxd5 Nxd5 5. e4 Nxc3 6. bxc3 Bg7 7. Nf3 O-O 8. Rb1 b6 9. Be2 Bb7 10. Qd3 Ba6 11. Qe3 Bxe2 12. Qxe2 e6 13. O-O c5 14. dxc5 Qc7 15. cxb6 axb6 16. c4 Nd7 17. Be3 Ra4 18. Rfc1 Rfa8 19. Rc2 Nc5 20. Bd4 Qa7 21. Rbb2 Rd8 22. Rd2 Qa6 23. Bxg7 Rxd2 24. Qxd2 Kxg7 25. Qd4+ Kg8 26. Qd8+ Kg7 27. Qd4+ Kg8 28. Qd8+ Kg7 29. Qd4+ 1/2-1/2


[Site "https://www.chess.com"]

[Event "Titled Tuesday Blitz August 3 2021"]
[White "Pajeken, Jakob Leon"]
[Black "Erdogdu, Mert"]
[WhiteFideId "12942839"]
[BlackFideId "6301495"]
[WhiteElo "2231"]
[BlackElo "2485"]
[Result "0-1"]
[Round "10"]
[TimeControl "180+1"]
[Date "2021.08.03"]
[WhiteClock "0:02:27"]
[BlackClock "0:02:18"]

1. d4 d5 2. Nf3 e6 3. Bf4 Bd6 4. Bg3 Nf6 5. e3 c5 6. c3 Qc7 7. Nbd2 Nbd7 8. Bd3 O-O 9. O-O Bxg3 10. hxg3 b6 11. e4 dxe4 12. Nxe4 Bb7 13. dxc5 Bxe4 14. cxb6 axb6 15. Bxe4 Nxe4 16. Qc2 Nef6 17. a3 Rfd8 0-1


[Site "https://www.chess.com"]

[Event "Titled Tuesday Blitz August 3 2021"]
[White "Palchuk, Andrii"]
[Black "Vlassov, Nikolai"]
[WhiteFideId "14176688"]
[BlackFideId "4103360"]
[WhiteElo "2284"]
[BlackElo "2407"]
[Result "0-1"]
[Round "10"]
[TimeControl "180+1"]
[Date "2021.08.03"]
[WhiteClock "0:00:04"]
[BlackClock "0:01:07"]

1. e4 c5 2. Nf3 d6 3. d4 cxd4 4. Nxd4 Nf6 5. Nc3 g6 6. f3 Bg7 7. Be3 a6 8. Qd2 h5 9. O-O-O b5 10. Kb1 Bb7 11. Bd3 Nbd7 12. Rhe1 Rc8 13. Bg5 Ne5 14. f4 Nc4 15. Bxc4 Rxc4 16. e5 dxe5 17. fxe5 Ng4 18. Ne6 Qxd2 19. Nxg7+ Kf8 20. Rxd2 Kxg7 21. Bxe7 Re8 22. Bf6+ Kh6 23. Rde2 Nxf6 24. exf6 Rxe2 25. Rxe2 Rf4 26. b3 Rxf6 27. Kb2 h4 28. a4 b4 29. Nd1 a5 30. c3 bxc3+ 31. Nxc3 g5 32. Na2 g4 33. b4 axb4 34. Nxb4 g3 35. hxg3 hxg3 36. Kc3 Rf2 37. Kd2 Bxg2 38. Nd3 Rxe2+ 39. Kxe2 Kg5 40. a5 Bb7 41. Ke3 f5 42. Ne5 f4+ 43. Ke2 Kh4 44. Kf1 f3 45. Nd3 Ba6 46. Kg1 Bxd3 47. a6 f2+ 48. Kh1 f1=Q# 0-1


[Site "https://www.chess.com"]

[Event "Titled Tuesday Blitz August 3 2021"]
[White "Papasimakopoulos, Alexandros"]
[Black "Urazayev, Arystanbek"]
[WhiteFideId "4244125"]
[BlackFideId "13709810"]
[WhiteElo "2352"]
[BlackElo "2321"]
[Result "0-1"]
[Round "10"]
[TimeControl "180+1"]
[Date "2021.08.03"]
[WhiteClock "0:00:48"]
[BlackClock "0:01:25"]

1. d4 d5 2. c4 e6 3. Nc3 a6 4. cxd5 exd5 5. Bf4 c6 6. e3 Bd6 7. Nge2 Ne7 8. Qd2 O-O 9. Bxd6 Qxd6 10. Ng3 Nd7 11. Bd3 Nf6 12. O-O h5 13. f3 h4 14. Nge2 Bf5 15. e4 dxe4 16. fxe4 Ng4 17. e5 Qh6 18. Qxh6 Nxh6 19. Bc4 Rad8 20. Rad1 b5 21. Bb3 a5 22. a3 a4 23. Ba2 Ng4 24. Rf3 c5 25. h3 cxd4 26. Nxd4 Nxe5 27. Rxf5 Nxf5 28. Nxf5 Rxd1+ 29. Nxd1 Rd8 30. Ne7+ Kf8 31. Nd5 Nd3 32. N1c3 Nc1 33. Bb1 Ne2+ 34. Nxe2 Rxd5 35. Nc3 Rd2 36. Be4 Rxb2 37. Bc6 Rc2 38. Bxb5 Rxc3 39. Bxa4 Rxa3 40. Bc6 Ke7 41. Bd5 f6 42. Kh2 Kd7 43. Kg1 Kd6 44. Be4 Ke5 45. Bc6 Kf4 46. Kh2 g5 47. Bb7 f5 48. Bc8 g4 49. hxg4 fxg4 50. Bd7 Ra1 51. g3+ hxg3+ 52. Kg2 Ra2+ 53. Kg1 g2 54. Kh2 Rb2 55. Bc8 Kf3 56. Be6 Kf2 57. Bd5 g1=Q# 0-1


[Site "https://www.chess.com"]

[Event "Titled Tuesday Blitz August 3 2021"]
[White "Petesch, Gabriel"]
[Black "Skatchkov, Pavel"]
[WhiteFideId "2032465"]
[BlackFideId "4121848"]
[WhiteElo "2374"]
[BlackElo "2476"]
[Result "1-0"]
[Round "10"]
[TimeControl "180+1"]
[Date "2021.08.03"]
[WhiteClock "0:00:06"]
[BlackClock "0:00:08"]

1. e4 e5 2. Nf3 d5 3. d4 dxe4 4. Nxe5 Bd6 5. Nc4 Nc6 6. Nxd6+ Qxd6 7. c3 Nf6 8. Be2 Be6 9. Na3 h5 10. Nc4 Bxc4 11. Bxc4 O-O-O 12. Qe2 Nd5 13. Be3 f5 14. O-O-O Nxe3 15. fxe3 g5 16. Rdf1 Rdf8 17. g3 h4 18. Qg2 h3 19. Qc2 Kb8 20. Rf2 f4 21. gxf4 gxf4 22. Qxe4 Re8 23. Qxf4 Qe7 24. Rhf1 a6 25. e4 Rh4 26. Qf7 Rxe4 27. Qxe7 R8xe7 28. Bd5 Re2 29. Bxc6 b6 30. Rf8+ Ka7 31. Ra8# 1-0


[Site "https://www.chess.com"]

[Event "Titled Tuesday Blitz August 3 2021"]
[White "Praggnanandhaa R"]
[Black "Andreikin, Dmitry"]
[WhiteFideId "25059530"]
[BlackFideId "4158814"]
[WhiteElo "2555"]
[BlackElo "2782"]
[Result "1/2-1/2"]
[Round "10"]
[TimeControl "180+1"]
[Date "2021.08.03"]
[WhiteClock "0:00:02"]
[BlackClock "0:00:04"]

1. Nf3 Nf6 2. g3 b5 3. Bg2 Bb7 4. d3 e6 5. e4 d6 6. O-O c5 7. a4 b4 8. a5 Be7 9. Nbd2 O-O 10. Nc4 Nfd7 11. Bf4 Qc7 12. Re1 a6 13. e5 dxe5 14. Nfxe5 Nxe5 15. Bxe5 Qc6 16. Bxc6 Nxc6 17. Qg4 g6 18. c3 Rad8 19. Rad1 Rd5 20. Bf4 Rfd8 21. Nb6 Rh5 22. Qe2 Nxa5 23. cxb4 Nc6 24. Qe4 Rd4 25. Qe3 Rxb4 26. Nc4 Nd4 27. Nd2 Nc2 28. Qe2 Nd4 29. Qf1 Bd5 30. Re4 Bf6 31. Be3 Rxb2 32. Bxd4 Bxd4 33. Rxd4 cxd4 34. Qe2 a5 35. Rb1 Rc2 36. f4 Kg7 37. Qd1 Rc3 38. Ne4 Ra3 39. Ra1 Rb3 40. Rb1 Ra3 41. Ra1 Rb3 42. Qd2 a4 43. Nc5 Rb5 44. Nxa4 Bc6 45. Rc1 Ba8 46. Qf2 Rb4 47. Nc5 Rxc5 48. Rxc5 Rb1+ 49. Qf1 Rxf1+ 50. Kxf1 Bd5 51. Kf2 Kf6 52. Ra5 Kf5 53. h3 h5 54. Ra4 e5 55. Ra5 Ke6 56. Ra6+ Kf5 57. Ra5 Ke6 58. Ra6+ Kf5 59. Rd6 Be6 60. Rd8 exf4 61. Rxd4 fxg3+ 62. Kxg3 g5 63. Kf3 h4 64. Kg2 Ke5 65. Ra4 Bd5+ 66. Kf2 f6 67. Ke3 Be6 68. Ra5+ Kd6 69. Ra6+ Ke7 70. Ra7+ Kf8 71. d4 Bxh3 72. d5 Bf5 73. d6 h3 74. Kf3 Ke8 75. Kg3 Bc8 76. Rc7 Kd8 77. Rf7 Be6 78. Re7 Bf5 79. Rf7 Be6 80. Rg7 Bf5 81. Re7 Bd7 82. Rh7 Be6 83. Re7 Bd7 84. Rf7 Be6 1/2-1/2


[Site "https://www.chess.com"]

[Event "Titled Tuesday Blitz August 3 2021"]
[White "Quispe Arteaga, Gabriel"]
[Black "Nozdrachev, Leonid"]
[WhiteFideId "32059809"]
[BlackFideId "24113433"]
[WhiteElo "2172"]
[BlackElo "2221"]
[Result "1/2-1/2"]
[Round "10"]
[TimeControl "180+1"]
[Date "2021.08.03"]
[WhiteClock "0:00:11"]
[BlackClock "0:00:03"]

1. d4 d6 2. c4 e5 3. g3 Nc6 4. d5 Nb8 5. Nc3 f5 6. e4 Nf6 7. Bd3 fxe4 8. Nxe4 Be7 9. Qc2 Nbd7 10. Ng5 Nf8 11. Ne2 Bg4 12. f4 c6 13. O-O cxd5 14. cxd5 Rc8 15. Qa4+ Bd7 16. Qxa7 h6 17. fxe5 dxe5 18. Be3 hxg5 19. Rad1 Ng4 20. d6 Bxd6 21. Bg6+ Nxg6 22. Rxd6 Nf6 23. Bxg5 Qc7 24. Rfd1 Bg4 25. Bxf6 Bxe2 26. Qa4+ b5 27. Qe4 Qc5+ 28. Kg2 Bh5 29. Bg5 Qc2+ 30. Qxc2 Rxc2+ 31. R1d2 Rxd2+ 32. Rxd2 Kf7 33. h3 Nf8 34. Rf2+ Ke6 35. g4 Bg6 36. b3 Be4+ 37. Kg3 Ng6 38. h4 Bd5 39. h5 Ne7 40. Rd2 Nc6 41. Be3 Rf8 42. Kh4 Rf3 43. Bc5 e4 44. Kg5 Ne5 45. Bd4 Rd3 46. Rxd3 exd3 47. Be3 Nf3+ 48. Kf4 d2 49. Bxd2 Nxd2 50. g5 Nb1 51. h6 gxh6 52. gxh6 Kf7 53. a4 bxa4 54. bxa4 Nc3 55. Ke5 Bb3 56. a5 Bc4 57. Kd4 Ba6 58. Kxc3 Kg6 59. Kd4 Kxh6 60. Kd5 Bf1 61. Kc6 Be2 62. Kb6 Bf1 63. a6 Bxa6 1/2-1/2


[Site "https://www.chess.com"]

[Event "Titled Tuesday Blitz August 3 2021"]
[White "Quparadze, Giga"]
[Black "Costachi, Mihnea"]
[WhiteFideId "13602250"]
[BlackFideId "1217518"]
[WhiteElo "2658"]
[BlackElo "2482"]
[Result "1-0"]
[Round "10"]
[TimeControl "180+1"]
[Date "2021.08.03"]
[WhiteClock "0:01:39"]
[BlackClock "0:00:50"]

1. e4 e5 2. Nf3 Nc6 3. Bb5 a6 4. Ba4 d6 5. c3 Bd7 6. d4 g6 7. O-O Bg7 8. Be3 Nf6 9. dxe5 Nxe5 10. Bxd7+ Nfxd7 11. Nbd2 O-O 12. Qc2 Nxf3+ 13. Nxf3 Ne5 14. Nxe5 Bxe5 15. Bd4 Qf6 16. Bxe5 Qxe5 17. f4 Qc5+ 18. Qf2 Qxf2+ 19. Kxf2 f5 20. Rae1 fxe4 21. Rxe4 Rae8 22. Rfe1 Rxe4 23. Rxe4 Kf7 24. Kf3 d5 25. Re5 Rd8 26. Ke3 c5 27. g4 b6 28. Kd3 h6 29. h4 d4 30. h5 gxh5 31. Rxh5 dxc3+ 32. Kxc3 Kg6 33. f5+ Kg7 34. g5 hxg5 35. Rxg5+ Kf7 36. Rg6 Rb8 37. Kc4 Ke7 38. Kd5 Kf7 39. Rc6 Ke7 40. Ke5 Kd7 41. Re6 c4 42. f6 b5 43. Re7+ Kd8 44. Rh7 Rb6 45. Rh8+ Kd7 46. f7 Re6+ 47. Kd5 Rf6 48. f8=Q Rxf8 49. Rxf8 c3 50. bxc3 1-0


[Site "https://www.chess.com"]

[Event "Titled Tuesday Blitz August 3 2021"]
[White "Rasulov, Vugar"]
[Black "Oparin, Grigoriy"]
[WhiteFideId "13402390"]
[BlackFideId "24125890"]
[WhiteElo "2553"]
[BlackElo "2628"]
[Result "1-0"]
[Round "10"]
[TimeControl "180+1"]
[Date "2021.08.03"]
[WhiteClock "0:00:45"]
[BlackClock "0:01:35"]

1. d4 Nf6 2. c4 b6 3. f3 e6 4. e4 Bb4+ 5. Bd2 a5 6. Bd3 d6 7. Ne2 Nc6 8. O-O O-O 9. Bg5 a4 10. a3 Ba5 11. Qxa4 Bd7 12. Qc2 h6 13. Bh4 e5 14. d5 Nb8 15. Nbc3 Bxc3 16. Nxc3 g5 17. Bf2 Nh5 18. Ne2 Nf4 19. Nxf4 gxf4 20. g3 Bh3 21. gxf4 exf4 22. Kh1 Bxf1 23. Rxf1 Nd7 24. Rg1+ Kh8 25. Qd2 Qf6 26. Rg4 Ne5 27. Rxf4 Qg5 28. Bh4 Qg6 29. Rf6 Kh7 30. Rxg6 fxg6 31. Be2 Nxf3 32. Bxf3 Rxf3 33. Kg2 Rf7 34. Bg3 Re8 35. Qd4 Rfe7 36. Kf3 g5 37. b4 Kg6 38. c5 bxc5 39. bxc5 dxc5 40. Qa4 Kh5 41. e5 Rf8+ 42. Kg2 Rb8 43. Qd1+ Kg6 44. Qc2+ Kh5 45. d6 cxd6 46. exd6 Reb7 47. Qe2+ Kg6 48. Qe4+ Kh5 49. d7 Rb2+ 50. Kh3 Rg8 51. Qe8+ Rg6 52. Qxg6+ Kxg6 53. d8=Q 1-0


[Site "https://www.chess.com"]

[Event "Titled Tuesday Blitz August 3 2021"]
[White "Reprintsev, Alexander"]
[Black "Torkkola, Henri"]
[WhiteFideId "14100541"]
[BlackFideId "507660"]
[WhiteElo "2126"]
[BlackElo "2137"]
[Result "1-0"]
[Round "10"]
[TimeControl "180+1"]
[Date "2021.08.03"]
[WhiteClock "0:00:05"]
[BlackClock "0:00:10"]

1. e4 d5 2. exd5 Qxd5 3. Nc3 Qa5 4. b4 Qxb4 5. Rb1 Qd6 6. d4 c6 7. Be2 Nf6 8. Nf3 g6 9. O-O Bg7 10. Be3 O-O 11. Re1 Nbd7 12. Bc4 Nb6 13. Ne5 Nxc4 14. Nxc4 Qd8 15. Qe2 b5 16. Ne5 Nd5 17. Nxd5 Qxd5 18. c4 bxc4 19. Qxc4 Bf5 20. Qxd5 cxd5 21. Rb7 e6 22. Nd7 Rfc8 23. f3 h5 24. h3 Rc2 25. g4 hxg4 26. hxg4 Bd3 27. Bf2 Rxa2 28. Nc5 Bc4 29. Reb1 a5 30. Rc7 a4 31. Rbb7 Rf8 32. Nxe6 Re8 33. Nxg7 Kxg7 34. Rxf7+ Kh6 35. f4 Rxf2 36. Kxf2 a3 37. Rh7# 1-0


[Site "https://www.chess.com"]

[Event "Titled Tuesday Blitz August 3 2021"]
[White "Rodrigue-Lemieux, Shawn"]
[Black "El Arousy, Abdul Hameed"]
[WhiteFideId "2620049"]
[BlackFideId "10600086"]
[WhiteElo "1763"]
[BlackElo "2216"]
[Result "1-0"]
[Round "10"]
[TimeControl "180+1"]
[Date "2021.08.03"]
[WhiteClock "0:00:38"]
[BlackClock "0:00:03"]

1. c4 e5 2. g3 c6 3. d4 exd4 4. Qxd4 d5 5. Nc3 Nf6 6. Bg2 Be6 7. cxd5 cxd5 8. Nf3 Nc6 9. Qa4 Bd7 10. O-O Bb4 11. Bg5 Bxc3 12. bxc3 h6 13. Bf4 g5 14. Be3 O-O 15. Rab1 Rb8 16. Nxg5 hxg5 17. Bxg5 Kg7 18. Rfd1 Qe7 19. Bxd5 Bf5 20. Rb5 a6 21. Rb2 Bg6 22. Qf4 Nxd5 23. Rxd5 f6 24. Bh6+ Kg8 25. Bxf8 Kxf8 26. Rd6 Rd8 27. Rxd8+ Nxd8 28. h4 b5 29. Rd2 Ne6 30. Qb8+ Kf7 31. Qc8 Nc5 32. e3 Nd3 33. h5 Be4 34. h6 Ne5 35. Rd8 Bh7 36. Rh8 Nf3+ 37. Kg2 Ng5 38. Qg4 Kg6 39. Ra8 Qb7+ 40. e4 Qxa8 41. Qf5+ Kxh6 42. Qxf6+ Bg6 43. f3 Qd8 44. Qxd8 1-0


[Site "https://www.chess.com"]

[Event "Titled Tuesday Blitz August 3 2021"]
[White "Rodrigues, Bruno Morado"]
[Black "Rottenwohrer Suarez, Juan"]
[WhiteFideId "2115654"]
[BlackFideId "32068182"]
[WhiteElo "2040"]
[BlackElo "2158"]
[Result "1-0"]
[Round "10"]
[TimeControl "180+1"]
[Date "2021.08.03"]
[WhiteClock "0:02:19"]
[BlackClock "0:00:13"]

1. d4 Nf6 2. Nc3 e6 3. e4 Bb4 4. Bg5 h6 5. Bxf6 Qxf6 6. e5 Qe7 7. f4 c5 8. Nf3 d6 9. Bb5+ Bd7 10. O-O Bxc3 11. Bxd7+ Nxd7 12. bxc3 O-O 13. Re1 Rac8 14. d5 exd5 15. Qxd5 Nb6 16. Qxd6 Qxd6 17. exd6 Rfd8 18. Rad1 Nc4 19. d7 Rc7 20. Re8+ Kh7 21. Rxd8 Rxd7 22. R1xd7 Kg6 23. Ne5+ Nxe5 24. fxe5 1-0


[Site "https://www.chess.com"]

[Event "Titled Tuesday Blitz August 3 2021"]
[White "Rosenberg, Evan S"]
[Black "Babiy, Olga"]
[WhiteFideId "2019299"]
[BlackFideId "14117258"]
[WhiteElo "2381"]
[BlackElo "2230"]
[Result "0-1"]
[Round "10"]
[TimeControl "180+1"]
[Date "2021.08.03"]
[WhiteClock "0:00:06"]
[BlackClock "0:00:13"]

1. Nf3 d6 2. d4 Bg4 3. c4 Bxf3 4. gxf3 Nd7 5. Qb3 Rb8 6. Nc3 c6 7. Bf4 e5 8. dxe5 dxe5 9. Bg3 Qc7 10. O-O-O Ngf6 11. Ne4 a5 12. Bh3 Nc5 13. Qe3 Nfxe4 14. fxe4 Be7 15. Kb1 b5 16. Bh4 bxc4 17. Bxe7 Qxe7 18. Qa3 Nxe4 19. Qxe7+ Kxe7 20. Rd7+ Kf6 21. Kc2 Rhd8 22. Rhd1 Rxd7 23. Bxd7 Rb6 24. f3 Nc5 25. Bh3 Ne6 26. Rd6 Ke7 27. Rd1 Nd4+ 28. Kb1 c3 29. Rc1 Rxb2+ 30. Ka1 Nc2+ 31. Rxc2 Rxc2 32. Bf5 Rxe2 33. a4 Kd6 34. Bxh7 Kc5 35. Bd3 Rd2 36. Be4 Kb4 37. Kb1 Kb3 38. Kc1 Rxh2 39. Kd1 c2+ 40. Bxc2+ Rxc2 0-1


[Site "https://www.chess.com"]

[Event "Titled Tuesday Blitz August 3 2021"]
[White "Rusan, Paul-Cristian"]
[Black "Ilyasli, Ughur"]
[WhiteFideId "1209191"]
[BlackFideId "13416197"]
[WhiteElo "2167"]
[BlackElo "2051"]
[Result "1-0"]
[Round "10"]
[TimeControl "180+1"]
[Date "2021.08.03"]
[WhiteClock "0:00:30"]
[BlackClock "0:00:01"]

1. e4 c5 2. b4 cxb4 3. Bb2 d5 4. exd5 Qxd5 5. d4 Nc6 6. c4 bxc3 7. Nxc3 Qxd4 8. Nd5 Bg4 9. Bxd4 Bxd1 10. Rxd1 O-O-O 11. Bc3 e6 12. Ne3 Rxd1+ 13. Kxd1 Nf6 14. Nf3 Ne4 15. Be1 Bc5 16. Bd3 Rd8 17. Ke2 Nf6 18. Bc3 Bxe3 19. Bxf6 gxf6 20. Kxe3 h5 21. h4 Nb4 22. Bb1 Nd5+ 23. Ke4 Nc3+ 24. Kf4 Rg8 25. Rc1 Rg4+ 26. Ke3 Rc4 27. Kd3 Nxb1 28. Rxc4+ Kd7 29. Ra4 Na3 30. Rxa3 a6 31. Nd4 Kd6 32. Rc3 b5 33. a4 b4 34. Rc6+ Kd5 35. Rxa6 e5 36. Ra5+ Kd6 37. Nf5+ Ke6 38. Ke4 b3 39. Rb5 b2 40. Rxb2 Kd7 41. Rb6 Ke8 42. Rxf6 Kf8 43. a5 Kg8 44. a6 Kh8 45. Rxf7 Kg8 46. Nd6 1-0


[Site "https://www.chess.com"]

[Event "Titled Tuesday Blitz August 3 2021"]
[White "Sadykov, Ramil"]
[Black "Adelman, Charles"]
[WhiteFideId "24113590"]
[BlackFideId "2003597"]
[WhiteElo "2300"]
[BlackElo "2357"]
[Result "0-1"]
[Round "10"]
[TimeControl "180+1"]
[Date "2021.08.03"]
[WhiteClock "0:00:01"]
[BlackClock "0:00:23"]

1. d4 Nf6 2. Nc3 d6 3. e4 Nbd7 4. f4 e5 5. Nf3 exd4 6. Nxd4 g6 7. g3 Bg7 8. Bg2 O-O 9. O-O Re8 10. Nb3 a5 11. a4 Nb6 12. h3 Bd7 13. Nd4 Rb8 14. Kh2 Bc6 15. Nxc6 bxc6 16. e5 dxe5 17. Bxc6 Re6 18. Qf3 exf4 19. Bxf4 Nh5 20. Rad1 Qe7 21. Bc1 Be5 22. Ne2 Rf8 23. Kg2 Bd6 24. Bb5 Rf6 25. Qe3 Re6 26. Qf3 Rf6 27. Qg4 Rxf1 28. Rxf1 c6 29. Bxc6 Rc8 30. Bg5 f6 31. Bd5+ Nxd5 32. Qxc8+ Kg7 33. Nd4 Qe4+ 34. Rf3 Qxd4 35. Qd7+ Be7 36. Bc1 Ne3+ 0-1


[Site "https://www.chess.com"]

[Event "Titled Tuesday Blitz August 3 2021"]
[White "Salinas Herrera, Pablo"]
[Black "Liyanage, Ranindu Dilshan"]
[WhiteFideId "3407128"]
[BlackFideId "9915834"]
[WhiteElo "2541"]
[BlackElo "1839"]
[Result "1-0"]
[Round "10"]
[TimeControl "180+1"]
[Date "2021.08.03"]
[WhiteClock "0:00:19"]
[BlackClock "0:00:03"]

1. Nf3 Nf6 2. b3 e6 3. Bb2 d5 4. c4 b6 5. g3 Bb7 6. Bg2 g6 7. cxd5 exd5 8. O-O Bg7 9. Ba3 c5 10. d4 Ne4 11. Nbd2 O-O 12. Rc1 Re8 13. e3 Nd7 14. dxc5 bxc5 15. Nxe4 dxe4 16. Nd2 Ne5 17. Nxe4 Qa5 18. Bxc5 Ba6 19. b4 Qa3 20. Nd6 Bxf1 21. Qxf1 Qxa2 22. Nxe8 Rxe8 23. Rd1 Qc2 24. Bxa7 h5 25. Bd4 Rb8 26. Rc1 Qb3 27. Rb1 Qa4 28. b5 h4 29. b6 hxg3 30. hxg3 Qd7 31. b7 Bf6 32. Ra1 Kg7 33. Ra8 Rxb7 34. Bxe5 Bxe5 35. Bxb7 Qxb7 36. Ra4 Qf3 37. Ra2 g5 38. Qe2 Qf5 39. e4 Qe6 40. Kg2 g4 41. Ra5 f6 42. Ra7+ Kg6 43. Qd3 Kg5 44. Ra6 Qe7 45. Qd5 Qh7 46. Ra8 Kg6 47. Rg8+ Kh6 48. Rxg4 Kh5 49. Rh4+ 1-0


[Site "https://www.chess.com"]

[Event "Titled Tuesday Blitz August 3 2021"]
[White "Samadov, Read"]
[Black "Ambartsumova, Karina"]
[WhiteFideId "13417444"]
[BlackFideId "4166299"]
[WhiteElo "2747"]
[BlackElo "2563"]
[Result "1-0"]
[Round "10"]
[TimeControl "180+1"]
[Date "2021.08.03"]
[WhiteClock "0:00:07"]
[BlackClock "0:00:09"]

1. d4 Nf6 2. c4 e6 3. Nf3 d5 4. g3 dxc4 5. Bg2 Nc6 6. O-O Rb8 7. Nc3 Bb4 8. a3 Bxc3 9. bxc3 O-O 10. Qc2 b5 11. e4 h6 12. Rd1 Na5 13. a4 Nb3 14. Rb1 a6 15. Ba3 Re8 16. axb5 axb5 17. Nd2 Nxd2 18. Qxd2 Bb7 19. f3 Bc6 20. Bb4 Ra8 21. Ra1 Qd7 22. g4 Rxa1 23. Rxa1 Ra8 24. Rxa8+ Bxa8 25. Qa2 Qc8 26. h4 Bc6 27. Qa5 Ne8 28. Kf2 Qa8 29. Ke3 f6 30. f4 Kf7 31. d5 Qxa5 32. Bxa5 Bd7 33. dxe6+ Bxe6 34. f5 Bd7 35. Kd4 g6 36. Bf3 Bc6 37. Be2 Bd7 38. Bf3 Bc6 39. Kc5 Bd7 40. Kd5 c6+ 41. Kc5 Kg7 42. Bd8 g5 43. hxg5 hxg5 44. e5 fxe5 45. Bxg5 Nf6 46. Be3 e4 47. Be2 Nd5 48. Bd4+ Kf7 49. Kd6 Be8 50. g5 Nf4 51. Bg4 Kf8 52. Ke5 Nd5 53. Kxe4 b4 54. cxb4 c3 55. Kd3 Nxb4+ 56. Kxc3 Nd5+ 57. Kd3 Bd7 58. Ke4 Ne7 59. Bc5 Ke8 60. Bxe7 Bxf5+ 61. Bxf5 Kxe7 62. Ke5 Kf8 63. Kf6 Kg8 64. g6 Kf8 65. g7+ Kg8 66. Be6+ Kh7 67. g8=Q+ Kh6 68. Qh8# 1-0


[Site "https://www.chess.com"]

[Event "Titled Tuesday Blitz August 3 2021"]
[White "Sanal, Vahap"]
[Black "Gupta, Abhijeet"]
[WhiteFideId "6300545"]
[BlackFideId "5010608"]
[WhiteElo "2495"]
[BlackElo "2549"]
[Result "1-0"]
[Round "10"]
[TimeControl "180+1"]
[Date "2021.08.03"]
[WhiteClock "0:00:35"]
[BlackClock "0:00:18"]

1. Nf3 Nf6 2. g3 d5 3. Bg2 g6 4. O-O Bg7 5. c4 c6 6. cxd5 cxd5 7. d4 O-O 8. Ne5 e6 9. Nc3 Nfd7 10. Nf3 Nf6 11. Ne5 Nfd7 12. Nf3 Nc6 13. Bf4 Nb6 14. Rc1 Bd7 15. Nb5 Nb4 16. Bc7 Qf6 17. Be5 Qd8 18. Bc7 Qe8 19. Nd6 Qe7 20. a3 Na6 21. Nxb7 Nc4 22. Rxc4 dxc4 23. Bd6 Qf6 24. Ne5 Bb5 25. a4 Be8 26. Bxf8 Bxf8 27. Nc5 Nxc5 28. Bxa8 Nxa4 29. Nxc4 Bb5 30. Qb3 a6 31. Ne5 Qd8 32. Bc6 Qxd4 33. Bxb5 axb5 34. Qxb5 Nxb2 35. e3 Qc3 36. Qb8 Kg7 37. Rb1 Nc4 38. Nxc4 Qxc4 39. Qe5+ Kg8 40. Rb8 Qc1+ 41. Kg2 Qc6+ 42. e4 h5 43. h3 Qd7 44. Qc5 1-0


[Site "https://www.chess.com"]

[Event "Titled Tuesday Blitz August 3 2021"]
[White "Sarana, Alexey"]
[Black "Vokhidov, Shamsiddin"]
[WhiteFideId "24133795"]
[BlackFideId "14204223"]
[WhiteElo "2646"]
[BlackElo "2572"]
[Result "0-1"]
[Round "10"]
[TimeControl "180+1"]
[Date "2021.08.03"]
[WhiteClock "0:00:15"]
[BlackClock "0:00:34"]

1. e4 c5 2. Nf3 Nc6 3. c3 e5 4. Bc4 Nf6 5. d3 Be7 6. Nbd2 O-O 7. a4 d5 8. exd5 Nxd5 9. O-O Be6 10. Ne4 f6 11. Re1 Qd7 12. a5 Rad8 13. Qb3 Kh8 14. Be3 b6 15. axb6 axb6 16. Qb5 Rb8 17. Bc1 Nc7 18. Qb3 Bg4 19. Qd1 b5 20. Bb3 Rbd8 21. Be3 Qxd3 22. Qxd3 Rxd3 23. Bxc5 Bxf3 24. Bxe7 Nxe7 25. gxf3 Ng6 26. Ra7 Nd5 27. Nc5 Rd2 28. Ne4 Rd3 29. Ra5 Ndf4 30. Bc2 Rxf3 31. Rxb5 h5 32. Rb7 Nh3+ 33. Kg2 Nh4+ 34. Kf1 f5 35. Bd1 Rf4 36. Re3 fxe4 37. Rxh3 Rxf2+ 38. Ke1 Ng2# 0-1


[Site "https://www.chess.com"]